| TOP OF THE 1ST |
|
Great Falls Voyagers batting - Pitching for Baltimore (APP) Orioles : RHP Matt Talaski
|
|
Pitching: RHP Matt Talaski
|
|
|
Batting: RHB Andy Cotton
|
0-0: Ball 1-0: Ball 2-0: Called Strike 2-1: Ground out 6-3 (Groundball, 6M, EV 81.3 MPH)
|
|
Batting: LHB Jose Duran
|
0-0: Called Strike 0-1: Ball 1-1: Ball 2-1: Ball 3-1: Foul Ball, location: 2F 3-2: Base on Balls
|
|
Batting: RHB Vic Lucatero
|
0-0: Ball 1-0: Ball 2-0: Swinging Strike 2-1: Ball Jose Duran is caught stealing 2nd base 2-4 3-1: Ground out 4-3 (Groundball, 4, EV 101.3 MPH)
|
| Top of the 1st over - 0 runs, 0 hits, 0 errors, 0 left on base; Great Falls 0 - Baltimore (APP) 0 |
| BOTTOM OF THE 1ST |
|
Baltimore (APP) Orioles batting - Pitching for Great Falls Voyagers : LHP David Schultz
|
|
Pitching: LHP David Schultz
|
|
|
Batting: LHB Bill Ostlund
|
0-0: Called Strike 0-1: Swinging Strike 0-2: Ball 1-2: Ball 2-2: Strikes out swinging
|
|
Batting: RHB Alex Valencia
|
0-0: Ball 1-0: Foul Ball, location: 2F 1-1: Ball 2-1: Called Strike 2-2: Ball 3-2: Strikes out swinging
|
|
Batting: RHB Jeremy Sipe
|
0-0: Ball 1-0: DOUBLE (Line Drive, 7LD, EV 100.0 MPH)
|
|
Batting: RHB Lee Deason
|
0-0: Ball 1-0: Ball 2-0: Ground out 1-3 (Groundball, P, EV 68.8 MPH)
|
| Bottom of the 1st over - 0 runs, 1 hit, 0 errors, 1 left on base; Great Falls 0 - Baltimore (APP) 0 |
| TOP OF THE 2ND |
|
Great Falls Voyagers batting - Pitching for Baltimore (APP) Orioles : RHP Matt Talaski
|
|
Batting: SHB Matt Childers
|
0-0: Called Strike 0-1: Ball 1-1: Foul Ball, location: 2F 1-2: Foul Ball, location: 2F 1-2: Ball 2-2: Ball 3-2: Strikes out looking
|
|
Batting: RHB Josh Newby
|
0-0: Ball 1-0: Called Strike 1-1: Fly out, F6 (Popup, 6MD, EV 43.8 MPH)
|
|
Batting: RHB Duncan Collins
|
0-0: Ball 1-0: Foul Ball, location: 2F 1-1: Ball 2-1: Swinging Strike 2-2: Strikes out swinging
|
| Top of the 2nd over - 0 runs, 0 hits, 0 errors, 0 left on base; Great Falls 0 - Baltimore (APP) 0 |
| BOTTOM OF THE 2ND |
|
Baltimore (APP) Orioles batting - Pitching for Great Falls Voyagers : LHP David Schultz
|
|
Batting: RHB Fernando Bravo
|
0-0: Called Strike 0-1: Ball 1-1: Foul Ball, location: 2F 1-2: Fly out, F9 (Flyball, 89M, EV 84.4 MPH)
|
|
Batting: LHB Antonio Cantu
|
0-0: Ball 1-0: Called Strike 1-1: DOUBLE (Groundball, 3L, EV 105.6 MPH)
|
|
Batting: RHB Matt Foster
|
0-0: 2-RUN HOME RUN (Flyball, 9D, EV 97.5 MPH), Distance : 381 ft
|
|
Batting: RHB Ryan Vest
|
0-0: Called Strike 0-1: Called Strike 0-2: Ground out U3 (Groundball, 3, EV 108.1 MPH)
|
|
Batting: RHB Roberto Sotelo
|
0-0: Foul Ball, location: 2F 0-1: Reached via error on a dropped throw from 1B, E1 (Groundball, 34S, EV 86.9 MPH)
|
|
Batting: LHB Bill Ostlund
|
0-0: Ball 1-0: Swinging Strike 1-1: Ball 2-1: Called Strike 2-2: Strikes out looking
|
| Bottom of the 2nd over - 2 runs, 2 hits, 1 error, 1 left on base; Great Falls 0 - Baltimore (APP) 2 |
| TOP OF THE 3RD |
|
Great Falls Voyagers batting - Pitching for Baltimore (APP) Orioles : RHP Matt Talaski
|
|
Batting: RHB Tommy Ellington
|
0-0: Called Strike 0-1: Foul Ball, location: 2F 0-2: Strikes out swinging
|
|
Batting: SHB Jose Romo
|
0-0: Foul Ball, location: 2F 0-1: Ball 1-1: Fly out, F7 (Flyball, 7LM, EV 80.0 MPH)
|
|
Batting: RHB Billy Grubbs
|
0-0: Ball 1-0: Ball 2-0: Called Strike 2-1: Fly out, F6 (Popup, 6M, EV 60.0 MPH)
|
| Top of the 3rd over - 0 runs, 0 hits, 0 errors, 0 left on base; Great Falls 0 - Baltimore (APP) 2 |
| BOTTOM OF THE 3RD |
|
Baltimore (APP) Orioles batting - Pitching for Great Falls Voyagers : LHP David Schultz
|
|
Batting: RHB Alex Valencia
|
0-0: Ball 1-0: Swinging Strike 1-1: SINGLE (Groundball, 6MD, EV 93.8 MPH)
|
|
Batting: RHB Jeremy Sipe
|
0-0: Ball Wild Pitch! Alex Valencia to second 1-0: Ball 2-0: Foul Ball, location: 2F 2-1: Called Strike 2-2: Foul Ball, location: 2F 2-2: Strikes out swinging
|
|
Batting: RHB Lee Deason
|
0-0: Called Strike 0-1: DOUBLE (Groundball, 5L, EV 100.0 MPH) Alex Valencia scores
|
|
Batting: RHB Fernando Bravo
|
0-0: Ball 1-0: Ball 2-0: Called Strike 2-1: Swinging Strike 2-2: Foul Ball, location: 2F 2-2: Fly out, F4 (Line Drive, 4, EV 75.0 MPH)
|
|
Batting: LHB Antonio Cantu
|
0-0: Called Strike 0-1: Swinging Strike 0-2: Strikes out swinging
|
| Bottom of the 3rd over - 1 run, 2 hits, 0 errors, 1 left on base; Great Falls 0 - Baltimore (APP) 3 |
| TOP OF THE 4TH |
|
Great Falls Voyagers batting - Pitching for Baltimore (APP) Orioles : RHP Matt Talaski
|
|
Batting: RHB Andy Cotton
|
0-0: Called Strike 0-1: Ball 1-1: Swinging Strike 1-2: Strikes out looking
|
|
Batting: LHB Jose Duran
|
0-0: Called Strike 0-1: Ball 1-1: Ball 2-1: Ball 3-1: SINGLE (Line Drive, 7LM, EV 93.1 MPH)
|
|
Batting: RHB Vic Lucatero
|
0-0: Called Strike 0-1: Swinging Strike 0-2: Ball 1-2: Foul Ball, location: 2F 1-2: Ball 2-2: Strikes out swinging
|
|
Batting: SHB Matt Childers
|
0-0: Swinging Strike 0-1: Swinging Strike 0-2: Strikes out looking
|
| Top of the 4th over - 0 runs, 1 hit, 0 errors, 1 left on base; Great Falls 0 - Baltimore (APP) 3 |
| BOTTOM OF THE 4TH |
|
Baltimore (APP) Orioles batting - Pitching for Great Falls Voyagers : LHP David Schultz
|
|
Batting: RHB Matt Foster
|
0-0: Ball 1-0: Bunt missed! 1-1: Ball 2-1: Ball 3-1: Fly out, F4 (Popup, 4D, EV 24.4 MPH)
|
|
Batting: RHB Ryan Vest
|
0-0: Ball 1-0: Called Strike 1-1: Called Strike 1-2: Foul Ball, location: 2F 1-2: SINGLE (Line Drive, 34D, EV 95.6 MPH)
|
|
Batting: RHB Roberto Sotelo
|
0-0: Called Strike 0-1: Foul Ball, location: 2F 0-2: Reached on error, E6 (Groundball, 6MD, EV 84.4 MPH) Ryan Vest to second
|
|
Batting: LHB Bill Ostlund
|
0-0: Called Strike Ryan Vest steals 3rd base Roberto Sotelo to second 0-1: Foul Ball, location: 2F 0-2: Ball 1-2: Strikes out swinging
|
|
Batting: RHB Alex Valencia
|
0-0: Ball 1-0: Ball 2-0: Ball 3-0: Base on Balls
|
|
Batting: RHB Jeremy Sipe
|
0-0: Ball 1-0: DOUBLE (Groundball, 5L, EV 96.9 MPH) Ryan Vest scores Roberto Sotelo scores Alex Valencia to third
|
|
Pitching: LHP Jeremy Soliday
|
|
|
Batting: RHB Lee Deason
|
0-0: Swinging Strike 0-1: 3-RUN HOME RUN (Flyball, 7LD, EV 98.1 MPH), Distance : 368 ft
|
|
Batting: RHB Fernando Bravo
|
0-0: Ball 1-0: Foul Ball, location: 2F 1-1: Ball 2-1: Ball 3-1: Base on Balls
|
|
Batting: LHB Antonio Cantu
|
0-0: Ball 1-0: Ball 2-0: Swinging Strike 2-1: Foul Ball, location: 2F 2-2: Foul Ball, location: 2F 2-2: Foul Ball, location: 2F 2-2: Ball 3-2: Ground out U3 (Groundball, 3S, EV 86.3 MPH)
|
| Bottom of the 4th over - 5 runs, 3 hits, 1 error, 1 left on base; Great Falls 0 - Baltimore (APP) 8 |
| TOP OF THE 5TH |
|
Great Falls Voyagers batting - Pitching for Baltimore (APP) Orioles : RHP Matt Talaski
|
|
Batting: RHB Josh Newby
|
0-0: Called Strike 0-1: Ball 1-1: Foul Ball, location: 2F 1-2: DOUBLE (Flyball, 89XD, EV 113.1 MPH)
|
|
Batting: RHB Duncan Collins
|
0-0: Swinging Strike 0-1: Foul Ball, location: 2F 0-2: Strikes out swinging
|
|
Batting: RHB Tommy Ellington
|
0-0: Foul Ball, location: 2F 0-1: Ball 1-1: Foul Ball, location: 2F 1-2: SINGLE (Groundball, 6D, EV 106.9 MPH) Josh Newby to third Runner from 3rd tries for Home, SAFE, throw by CF to home
|
|
Batting: SHB Jose Romo
|
0-0: Ball 1-0: Ball 2-0: Fielders Choice at 2nd, 3-6 (Groundball, 34, EV 82.5 MPH)
|
|
Batting: RHB Billy Grubbs
|
0-0: Ball 1-0: Called Strike 1-1: Called Strike 1-2: Ball 2-2: Foul Ball, location: 2F 2-2: Ball 3-2: Foul Ball, location: 2F 3-2: Base on Balls Jose Romo to second
|
|
Pitching: RHP Frank Caillouet
|
|
|
Batting: RHB Andy Cotton
|
0-0: Foul Ball, location: 2F 0-1: Called Strike 0-2: Ball 1-2: Ball 2-2: Ball 3-2: Foul Ball, location: 2RF, Error on foul ball, E2 3-2: Foul Ball, location: 2F 3-2: Foul Ball, location: 2F 3-2: Fly out, F4 (Popup, 34, EV 53.1 MPH)
|
| Top of the 5th over - 1 run, 2 hits, 1 error, 2 left on base; Great Falls 1 - Baltimore (APP) 8 |
| BOTTOM OF THE 5TH |
|
Baltimore (APP) Orioles batting - Pitching for Great Falls Voyagers : LHP Jeremy Soliday
|
|
Batting: RHB Matt Foster
|
0-0: Called Strike 0-1: Ground out 6-3 (Groundball, 6, EV 106.3 MPH)
|
|
Batting: RHB Ryan Vest
|
0-0: Ground out 6-3 (Groundball, 6, EV 104.4 MPH)
|
|
Batting: RHB Roberto Sotelo
|
0-0: Called Strike 0-1: Ball 1-1: Ball 2-1: Ball 3-1: Base on Balls
|
|
Batting: LHB Bill Ostlund
|
0-0: Ball 1-0: Called Strike 1-1: Swinging Strike 1-2: Strikes out swinging
|
| Bottom of the 5th over - 0 runs, 0 hits, 0 errors, 1 left on base; Great Falls 1 - Baltimore (APP) 8 |
| TOP OF THE 6TH |
|
Great Falls Voyagers batting - Pitching for Baltimore (APP) Orioles : RHP Frank Caillouet
|
|
Batting: LHB Jose Duran
|
0-0: Ball 1-0: Ball 2-0: Called Strike 2-1: Ball 3-1: Foul Ball, location: 2F 3-2: Base on Balls
|
|
Batting: RHB Vic Lucatero
|
0-0: Called Strike Jose Duran steals 2nd base (no throw) 0-1: Foul Ball, location: 2F 0-2: Ball 1-2: Strikes out swinging
|
|
Batting: SHB Matt Childers
|
0-0: Foul Ball, location: 2F 0-1: DOUBLE (Flyball, 8RXD, EV 112.5 MPH) Jose Duran scores
|
|
Batting: RHB Josh Newby
|
0-0: Called Strike 0-1: Swinging Strike 0-2: Strikes out swinging
|
|
Batting: RHB Duncan Collins
|
0-0: Ball 1-0: Ball 2-0: Swinging Strike Balk! Matt Childers to third 2-1: Foul Ball, location: 2F 2-2: Foul Ball, location: 2F 2-2: Foul Ball, location: 2F 2-2: Strikes out swinging
|
| Top of the 6th over - 1 run, 1 hit, 0 errors, 1 left on base; Great Falls 2 - Baltimore (APP) 8 |
| BOTTOM OF THE 6TH |
|
Baltimore (APP) Orioles batting - Pitching for Great Falls Voyagers : LHP Jeremy Soliday
|
|
Batting: RHB Alex Valencia
|
0-0: Called Strike 0-1: Ball 1-1: Called Strike 1-2: Foul Ball, location: 2F 1-2: Ball 2-2: Foul Ball, location: 2F 2-2: Ball 3-2: Base on Balls
|
|
Batting: RHB Jeremy Sipe
|
0-0: Ball 1-0: Foul Ball, location: 2F 1-1: Ball 2-1: Ball 3-1: Foul Ball, location: 2F 3-2: Base on Balls Alex Valencia to second
|
|
Batting: RHB Lee Deason
|
0-0: Foul Ball, location: 2F 0-1: Fly out, F5 (Popup, 5SF, EV 81.3 MPH)
|
|
Batting: RHB Fernando Bravo
|
0-0: Called Strike 0-1: Ball 1-1: Ball 2-1: Foul Ball, location: 2F 2-2: Foul Ball, location: 2F 2-2: Foul Ball, location: 2F 2-2: Foul Ball, location: 2F 2-2: Foul Ball, location: 2F 2-2: Ball 3-2: Foul Ball, location: 2F 3-2: Base on Balls Alex Valencia to third Jeremy Sipe to second
|
|
Pitching: RHP Ivan Gaona
|
|
|
Batting: LHB Antonio Cantu
|
0-0: Called Strike 0-1: Ball 1-1: Ball 2-1: Ball 3-1: Base on Balls Alex Valencia scores Jeremy Sipe to third Fernando Bravo to second
|
|
Batting: RHB Matt Foster
|
0-0: Foul Ball, location: 2F 0-1: Ball 1-1: Ball 2-1: SINGLE (Groundball, 34D, EV 97.5 MPH) Jeremy Sipe scores Fernando Bravo to third Antonio Cantu to second Runner from 3rd tries for Home, SAFE, throw by RF to home
|
|
Batting: RHB Ryan Vest
|
0-0: Ball 1-0: DOUBLE (Flyball, 89D, EV 111.3 MPH) Antonio Cantu scores Matt Foster to third
|
|
Batting: RHB Roberto Sotelo
|
0-0: Swinging Strike 0-1: Ground out 2-3 (Groundball, 2R, EV 71.3 MPH)
|
|
Batting: LHB Bill Ostlund
|
0-0: Fly out, F7 (Flyball, 7, EV 86.3 MPH)
|
| Bottom of the 6th over - 4 runs, 2 hits, 0 errors, 2 left on base; Great Falls 2 - Baltimore (APP) 12 |
| TOP OF THE 7TH |
|
Great Falls Voyagers batting - Pitching for Baltimore (APP) Orioles : RHP Frank Caillouet
|
|
Batting: RHB Tommy Ellington
|
0-0: Ball 1-0: Called Strike 1-1: Called Strike 1-2: Strikes out looking
|
|
Batting: SHB Jose Romo
|
0-0: Ball 1-0: Swinging Strike 1-1: Foul Ball, location: 2F 1-2: Strikes out swinging
|
|
Batting: RHB Billy Grubbs
|
0-0: Ball 1-0: Fly out, F8 (Flyball, 8LS, EV 91.3 MPH)
|
| Top of the 7th over - 0 runs, 0 hits, 0 errors, 0 left on base; Great Falls 2 - Baltimore (APP) 12 |
| BOTTOM OF THE 7TH |
|
Baltimore (APP) Orioles batting - Pitching for Great Falls Voyagers : RHP Ivan Gaona
|
|
Batting: RHB Alex Valencia
|
0-0: Foul Ball, location: 2F 0-1: Swinging Strike 0-2: Ball 1-2: Foul Ball, location: 2F 1-2: Ball 2-2: Ground out 6-3 (Groundball, 4MS, EV 83.8 MPH)
|
|
Pinch Hitting: RHB Scott Boyd
|
0-0: Called Strike 0-1: Swinging Strike 0-2: Ball 1-2: Ground out 4-3 (Groundball, 34, EV 83.8 MPH)
|
|
Batting: RHB Lee Deason
|
0-0: Foul Ball, location: 2F 0-1: SINGLE (Line Drive, 78S, EV 105.6 MPH)
|
|
Batting: RHB Fernando Bravo
|
0-0: Called Strike 0-1: Ground out 3-1 (Groundball, 34, EV 81.3 MPH)
|
| Bottom of the 7th over - 0 runs, 1 hit, 0 errors, 1 left on base; Great Falls 2 - Baltimore (APP) 12 |
| TOP OF THE 8TH |
|
Great Falls Voyagers batting - Pitching for Baltimore (APP) Orioles : RHP Frank Caillouet
|
|
Pitching: RHP Steve Webb
|
|
|
Now at 1B: Scott Boyd
|
|
|
Batting: RHB Andy Cotton
|
0-0: Ball 1-0: Ball 2-0: Ball 3-0: Called Strike 3-1: Base on Balls
|
|
Pinch Hitting: RHB Jayden Bain
|
0-0: Ball 1-0: Ball 2-0: Ball 3-0: Base on Balls Andy Cotton to second
|
|
Batting: RHB Vic Lucatero
|
0-0: Called Strike 0-1: Ball 1-1: Called Strike 1-2: Ball 2-2: Ground out 5-3 (Groundball, 56S, EV 70.0 MPH) Andy Cotton to third Jayden Bain to second
|
|
Batting: SHB Matt Childers
|
0-0: Called Strike 0-1: Ball 1-1: Called Strike 1-2: Ball 2-2: Ball 3-2: Base on Balls
|
|
Batting: RHB Josh Newby
|
0-0: Ball 1-0: Foul Ball, location: 2F 1-1: Ball 2-1: Ball 3-1: Fly out, F9 (Flyball, 9LS, EV 79.4 MPH)
|
|
Batting: LHB Carlos Ramirez
|
0-0: Ball 1-0: Ball 2-0: Foul Ball, location: 2F 2-1: Ground out 1-3 (Groundball, 34S, EV 69.4 MPH)
|
| Top of the 8th over - 0 runs, 0 hits, 0 errors, 3 left on base; Great Falls 2 - Baltimore (APP) 12 |
| BOTTOM OF THE 8TH |
|
Baltimore (APP) Orioles batting - Pitching for Great Falls Voyagers : RHP Ivan Gaona
|
|
Pitching: LHP Jose Andujar
|
|
|
Now at 1B: Riemer de Jonge
|
|
|
Batting: LHB Antonio Cantu
|
0-0: Ball 1-0: Foul Ball, location: 2F 1-1: Foul Ball, location: 2F 1-2: Ball 2-2: Ball 3-2: Foul Ball, location: 2F 3-2: Ground out 3-1 (Groundball, 34, EV 85.0 MPH)
|
|
Pitching: RHP Toby Riley
|
|
|
Batting: RHB Matt Foster
|
0-0: Swinging Strike 0-1: Ball 1-1: Ball 2-1: Foul Ball, location: 2F 2-2: Strikes out looking
|
|
Batting: RHB Ryan Vest
|
0-0: Foul Ball, location: 2F 0-1: Ball 1-1: Ball 2-1: Ball 3-1: Base on Balls
|
|
Batting: RHB Roberto Sotelo
|
0-0: Ball 1-0: Ball 2-0: Called Strike 2-1: Foul Ball, location: 2F 2-2: Ball 3-2: Ground out 6-3 (Groundball, 6, EV 105.0 MPH)
|
| Bottom of the 8th over - 0 runs, 0 hits, 0 errors, 1 left on base; Great Falls 2 - Baltimore (APP) 12 |
| TOP OF THE 9TH |
|
Great Falls Voyagers batting - Pitching for Baltimore (APP) Orioles : RHP Steve Webb
|
|
Pinch Hitting: RHB Juan Tovar
|
0-0: Foul Ball, location: 2F 0-1: Foul Ball, location: 2F 0-2: Ball 1-2: Ball 2-2: Ball 3-2: Fly out, F9 (Flyball, 9LS, EV 94.4 MPH)
|
|
Batting: SHB Jose Romo
|
0-0: Ball 1-0: SINGLE (Groundball, 4MD, EV 101.9 MPH)
|
|
Pitching: LHP Freddy Gutierrez
|
|
|
Batting: RHB Billy Grubbs
|
0-0: Ball 1-0: Called Strike 1-1: Foul Ball, location: 2F 1-2: Strikes out swinging
|
|
Batting: RHB Andy Cotton
|
0-0: Foul Ball, location: 2F 0-1: Foul Ball, location: 2F 0-2: Ball 1-2: Ball 2-2: Ball 3-2: SINGLE (Groundball, 6MD, EV 103.1 MPH) Jose Romo to second Jose Romo to third
|
|
Batting: RHB Riemer de Jonge
|
0-0: Ball 1-0: Ball 2-0: Ball 3-0: Called Strike 3-1: Base on Balls Andy Cotton to second
|
|
Batting: RHB Vic Lucatero
|
0-0: Ball 1-0: Foul Ball, location: 2F 1-1: Ball 2-1: Foul Ball, location: 2F 2-2: Strikes out swinging
|
| Top of the 9th over - 0 runs, 2 hits, 0 errors, 3 left on base; Great Falls 2 - Baltimore (APP) 12 |
|